 Dungeon Crawl Stone Soup version 0.32-a0-422-g28b100f618 (webtiles) character file.

Game seed: 8879131360831380311

5 Bravepunisher the Ducker (level 1, -1/11 HPs)
             Began as a Spriggan Monk on Feb 21, 2024.
             Slain by an adder (4 damage)
             ... on level 2 of the Dungeon.
             The game lasted 00:01:10 (235 turns).

Bravepunisher the Ducker (Spriggan Monk)             Turns: 235, Time: 00:01:10

Health: -1/11      AC:  2    Str:  7    XL:     1   Next: 66%
Magic:  2/2        EV: 19    Int: 11    God:
Gold:   0          SH:  0    Dex: 17    Spells: 0/0 levels left

rFire   . . .        a - +0 short sword
rCold   . . .        (no shield)
rNeg    . . .        b - +0 robe
rPois   .            (helmet restricted)
rElec   .            (no cloak)
rCorr   .            (gloves unavailable)
SInv    +            (boots unavailable)
Will    .....        (no amulet)
Stlth   ++           (no ring)
HPRegen 0.21/turn    (no ring)
MPRegen 0.08/turn

%: no passive effects
@: very quick
A: very small, no large weapons, unfitting armour, see invisible, speed 3
a: no special abilities


You were on level 2 of the Dungeon.
You visited 1 branch of the dungeon, and saw 2 of its levels.

Inventory:

Hand Weapons
 a - a +0 short sword (weapon)
Armour
 b - a +0 robe (worn)
Potions
 c - a potion of ambrosia


   Skills:
 + Level 2.5 Fighting
 - Level 3.2 Short Blades
 * Level 4.3 Dodging


You couldn't memorise any spells.
You didn't know any spells.
Your spell library was empty.

Dungeon Overview and Level Annotations

Branches:
Dungeon (2/15)

Altars:

Shops:
D:1 =


Innate Abilities, Weirdness & Mutations

You are very small and have problems with some larger weapons.
You are too small for most types of armour.
You have supernaturally acute eyesight. (SInv)
You cover ground extremely quickly. (Speed+++)


Message History

The adder closely misses you.
There is an open door here.
The bat attacks as it pursues you! The bat misses you. The bat hits you.
* * * LOW HITPOINT WARNING * * *
Found 9 stones.
The bat attacks as it pursues you! The bat completely misses you.
The bat hits you but does no damage. The bat closely misses you.
You see here 9 stones.
Found a dagger.
Found a faded altar of an unknown god.
The bat completely misses you.
A kobold comes into view. It is wielding a +0 short sword.
The bat completely misses you.
The kobold shouts!
The bat completely misses you. The bat attacks as it pursues you!
The bat completely misses you. The kobold misses you.
The bat barely misses you. The kobold completely misses you.
There is a faded altar of an unknown god here.
You see here a +0 dagger.
This altar belongs to (a) Lugonu, (b) Elyvilon or (c) Hepliaklqana, but you can't tell which.
Press the corresponding letter to learn more about a god, or press enter to convert or escape to cancel.
Okay, then.
There are monsters nearby!
The bat hits you but does no damage. The bat misses you.
An adder comes into view.
The adder hisses angrily.
The bat completely misses you.
You hit the adder but do no damage. The bat hits you. x2
* * * LOW HITPOINT WARNING * * *
The adder misses you.
You hit the adder but do no damage. The bat misses you.
The adder barely misses you.
You hit the adder.
The adder is heavily wounded.
The bat barely misses you. The adder closely misses you.
You barely miss the adder.
The adder is heavily wounded.
The adder bites you.
You die...

######## #......##
#.......##############
#..._...B..SKb.@S....#
##.....#############.#
#.....# #.##### #.#
#.# ############ #S#
#$.........# #.#
#..........# #.#
#..........#


You could see 2 adders, a giant cockroach, a bat and a kobold.

Vanquished Creatures
  A giant cockroach (D:1)
  A hobgoblin (D:2)
  A frilled lizard (D:1)
3 creatures vanquished.

Notes
Turn   | Place    | Note
-------+----------+-------------------------------------------
     0 | D:1      | Bravepunisher the Spriggan Monk began the quest for the
                  | Orb.
     0 | D:1      | Reached XP level 1. HP: 11/11 MP: 2/2
    47 | D:1      | Found Royj's Jewellery Shop.
   214 | D:2      | Found a faded altar of an unknown god.
   235 | D:2      | Slain by an adder

Illustrated notes

Levels and vault maps discovered:
D:1:      dpeg_arrival_round_c, layout_loops_ring, serial_shops, shop,
          minmay_misc_feat_doors, minmay_crystal_room
D:2:      layout_basic, ebering_ecumenical_altar_sacrificial, uniq_terence,
          uniq_crazy_yiuf_cottage

Action                     || total
---------------------------++-------
  Melee: Short sword       ||    19
 Armour: Robe              ||    14
  Dodge: Dodged            ||    47

Table legend: (Time is in decaauts)
 A = Elapsed time spent in this place.
 B = Non-inter-level travel time spent in this place.
 C = Inter-level travel time spent in this place.
 D = Time resting spent in this place.
 E = Time spent auto-exploring this place.
 F = Levels seen in this place.
 G = Mean time per level.
                   A        B        C        D        E       F      G
               +--------+--------+--------+--------+--------+-----+--------+
         Total |    149 |    149 |      0 |      0 |     15 |   2 |   74.5 |
       Dungeon |    149 |    149 |      0 |      0 |     15 |   2 |   74.5 |
               +--------+--------+--------+--------+--------+-----+--------+

Top non-repeatable levels by time:
     D:2: 88 daAuts
     D:1: 61 daAuts
